 Dungeon Crawl Stone Soup version 0.30.1-3-gfc49f6343a (webtiles) character file.

Game seed: 10577663098544018485

235 Wiggles the Chopper (level 5, -1/64 (67) HPs)
             Began as a Minotaur Berserker on Aug 7, 2023.
             Was a Believer of Trog.
             Slain by an orc priest
             ... wielding a +2 mace of draining
              (3 damage)
             ... on level 3 of the Dungeon.
             The game lasted 00:02:41 (1375 turns).

Wiggles the Chopper (Minotaur Berserker)            Turns: 1375, Time: 00:02:41

HP:   -1/64 (67)    AC:  5    Str: 23    XL:     5   Next: 76%
MP:   4/4           EV: 11    Int:  4    God:    Trog [**....]
Gold: 54            SH:  0    Dex: 10    Spells: 4/4 levels left

rFire   . . .        a - +0 hand axe (flame)
rCold   . . .        (no shield)
rNeg    . . .        h - +0 ring mail
rPois   .            (helmet restricted)
rElec   .            (no cloak)
rCorr   .            (no gloves)
SInv    .            (no boots)
Will    .....        (no amulet) Stlth
                     (no ring)
HPRegen 0.30/turn    (no ring)
MPRegen 0.09/turn

%: no passive effects
@: berserking (expiring), lightly drained, very quick
A: horns 2, retaliatory headbutt
a: Renounce Religion, Berserk, Trog's Hand


You were on level 3 of the Dungeon.
You worshipped Trog.
Trog was pleased with you.
You visited 1 branch of the dungeon, and saw 3 of its levels.

You collected 54 gold pieces.

Inventory:

Hand Weapons
 a - a +0 hand axe of flaming (weapon)
Armour
 h - a +0 ring mail (worn)
Scrolls
 d - 2 scrolls of teleportation
Potions
 b - a potion of magic {unknown}
 e - a potion of curing {unknown}
 i - a potion of experience {unknown}
 j - 2 potions of resistance {unknown}
 l - a potion of degeneration {unknown}


   Skills:
 - Level 3.6 Fighting
 + Level 7.7 Axes
 - Level 2.4 Armour
 - Level 2.1 Dodging
 + Level 1.0 Stealth


You had 4 spell levels left.
You didn't know any spells.
Your spell library was empty.

Dungeon Overview and Level Annotations

Branches:
Dungeon (3/15)

Altars:


Innate Abilities, Weirdness & Mutations

You have a pair of horns on your head.
You reflexively headbutt those who attack you in melee.


Message History

You feel yourself moving faster!
You feel mighty!
The goblin shouts!
The gnoll barely misses you.
You slash the gnoll! You burn the gnoll.
You kill the gnoll!
Trog accepts your kill.
You slash the orc wizard! You burn the orc wizard.
The orc wizard casts a spell at you. The magic dart hits you!
You see here a +0 spear.
You feel a strong urge to attack something.
The orc priest invokes the aid of Beogh against you.
Beogh smites you!
* * * LOW HITPOINT WARNING * * *
The orc wizard hits you but does no damage.
You hit the orc. You burn the orc.
The orc is almost dead.
You miss the orc wizard. The orc hits you with a +0 club.
* * * LOW HITPOINT WARNING * * *
The orc priest calls upon Beogh to heal the orc wizard.
The orc wizard is healed somewhat.
The orc wizard closely misses you.
You hear a shout!
You barely miss the orc. Your headbutt misses the orc.
The orc is almost dead.
You slash the orc wizard! You burn the orc wizard.
You feel the power of Trog in you as your rage grows.
You kill the orc wizard!
Trog accepts your kill.
Trog appreciates your killing of a magic user.
You hit the orc. You burn the orc.
You kill the orc!
Trog accepts your kill.
An orc comes into view. It is wielding a +0 club.
Things that are here:
a +0 club; an orc corpse You barely miss the orc priest.
The orc priest hits you with a +2 mace of draining!
* * * LOW HITPOINT WARNING * * *
You feel drained.
You die...

..................
#.......................
#...................>...
#....................o..
#.......................
#...†).$................
#....<...†..............
#..†......(.....o.......
#.......(.....))@o......
#.......†...[.))........
#.......$...............
#.................g.....
#.......................
#.......................
#.......................
#.......................
........................


You could see an orc priest, 2 orcs and a goblin.

Vanquished Creatures
  Natasha (thrice) (D:2)
  An orc wizard (D:3)
  8 gnolls
  An adder (D:3)
  A dart slug (D:1)
  3 orcs (D:3)
  4 endoplasms
  2 giant cockroaches
  3 goblins
  5 hobgoblins
  3 quokkas
  2 ball pythons
  4 bats
  3 frilled lizards
  A kobold (D:1)
  4 rats
48 creatures vanquished.

Notes
Turn   | Place    | Note
-------+----------+-------------------------------------------
     0 | D:1      | Wiggles the Minotaur Berserker began the quest for the Orb.
     0 | D:1      | Reached XP level 1. HP: 19/19 MP: 0/0
    77 | D:1      | Reached skill level 4 in Axes
   298 | D:1      | Reached XP level 2. HP: 26/26 MP: 1/1
   733 | D:2      | Reached skill level 5 in Axes
   805 | D:2      | Noticed Natasha
   813 | D:2      | Killed Natasha
   814 | D:2      | Reached XP level 3. HP: 17/31 MP: 2/2
   821 | D:2      | Reached XP level 4. HP: 4/39 MP: 3/3
   822 | D:2      | Reached skill level 6 in Axes
   907 | D:2      | Noticed Natasha
   914 | D:2      | Killed Natasha
   947 | D:2      | Noticed Natasha
   952 | D:2      | Killed Natasha
   953 | D:2      | Reached XP level 5. HP: 28/45 MP: 4/4
  1324 | D:3      | Reached ** piety under Trog
  1341 | D:3      | Reached skill level 7 in Axes
  1363 | D:3      | Reached skill level 1 in Stealth
  1375 | D:3      | HP: 2/67 [orc priest/+2 mace of draining (8)]
  1375 | D:3      | Slain by an orc priest

Illustrated notes

Levels and vault maps discovered:
D:1:      dpeg_arrival_round_a, layout_rooms
D:2:      layout_rooms, uniq_natasha
D:3:      layout_basic, lemuel_crystal_altar, uniq_terence

Skill      XL: |  1  2  3  4  5 |
---------------+----------------+-----
Axes           | 4 5 6 7 |  7.7
Stealth        | 1 |  1.0
Fighting       | |  3.6
Armour         | |  2.4
Dodging        | |  2.1

Action                     |  1- 3 |  4- 6 || total
---------------------------+-------+-------++-------
  Melee: Hand axe          |    53 |    40 ||    93
         Headbutt          |     6 |     8 ||    14
 Invoke: Berserk           |     1 |     1 ||     2
    Use: Scroll            |       |     6 ||     6
 Armour: Ring mail         |    12 |     8 ||    20
         Animal skin       |     1 |       ||     1
  Dodge: Dodged            |    41 |    25 ||    66
